 Dungeon Crawl Stone Soup version 0.28-a0-932-g843f935a50 (webtiles) character file.

Game seed: 10060764951429767544

44 Zonian the Sneak (level 3, -2/18 HPs)
             Began as a Vine Stalker Brigand on Nov 27, 2021.
             Shot with a stone by a goblin (3 damage)
             ... led by Robin
             ... on level 2 of the Dungeon.
             The game lasted 00:01:35 (1807 turns).

Zonian the Sneak (Vine Stalker Brigand)             Turns: 1807, Time: 00:01:36

Health: -2/18      AC:  3    Str: 13    XL:     3   Next: 60%
Magic:  0/4        EV: 11    Int: 11    God:
Gold:   22         SH:  0    Dex: 16    Spells: 2/2 levels left

rFire   . . .      SeeInvis .   a - +2 dagger
rCold   . . .      Faith    .   (no shield)
rNeg    . . .      Spirit   +   b - +0 robe
rPois   .          Reflect  .   (no helmet)
rElec   .          Harm     .   c - +0 cloak
rCorr   .          Rampage  .   (no gloves)
Will    .....                   (no boots)
Stlth   +++.......              (no amulet)
HPRegen 0.06/turn               (no ring)
MPRegen 0.09/turn               (no ring)

@: no status effects
A: fangs 2, magic shield, antimagic bite, no potion heal 2
a: no special abilities


You were on level 2 of the Dungeon.
You visited 1 branch of the dungeon, and saw 2 of its levels.

You collected 22 gold pieces.

Inventory:

Hand Weapons
 a - a +2 dagger (weapon)
 g - a +0 hunting sling
Missiles
 d - 29 poisoned darts (quivered)
 e - 2 curare-tipped darts
 j - 20 sling bullets
Armour
 b - a +0 robe (worn)
 c - a +0 cloak (worn)
Scrolls
 f - 2 scrolls of identify {unknown}
 k - a scroll of magic mapping {unknown}
Potions
 h - a potion of attraction {unknown}
 i - 3 potions of flight {unknown}


   Skills:
 + Level 1.8 Fighting
 + Level 2.1 Short Blades
 + Level 1.8 Throwing
 + Level 0.8 Dodging
 + Level 6.2 Stealth


You had 2 spell levels left.
You didn't know any spells.
Your spell library was empty.

Dungeon Overview and Level Annotations

Branches:
Dungeon (2/15)

Altars:
Gozag

Annotations:
D:2 Robin


Innate Abilities, Weirdness & Mutations

You have extremely sharp teeth.
When hurt, damage is shared between your health and your magic reserves.
Your bite disrupts and absorbs the magic of your enemies.
Potions cannot restore your health.


Message History

The goblin shoots a stone.
The stone closely misses you.
You barely miss Robin. Your bite misses Robin.
Robin hits you but does no damage.
You hit Robin but do no damage. Your bite misses Robin.
Robin hits you with a +0 whip.
You are too injured to fight recklessly!
Unknown command.
You hit Robin. You bite Robin, but do no damage.
Robin is lightly wounded.
Robin misses you.
You barely miss Robin. You bite Robin, but do no damage.
Robin is lightly wounded.
Robin throws the goblin at you!
You hit Robin. You bite Robin. You drain their power.
You feel invigorated.
Robin is moderately wounded.
The goblin unwields a +0 hunting sling.
The goblin wields a +0 club.
The goblin completely misses you.
Robin roars a battlecry!
The goblins go into a battle-frenzy!
You hear a shout!
The goblin barely misses you.
Things that are here:
a +0 club; a goblin skeleton Robin throws the goblin at you!
You see here a hobgoblin skeleton.
The goblin hits you with a +0 club.
* * * LOW HITPOINT WARNING * * *
Robin roars a battlecry!
The goblin unwields a +0 club.
The goblin wields a +0 hunting sling.
The goblin shoots a stone.
The stone hits you.
* * * LOW HITPOINT WARNING * * *
The goblin unwields a +0 club.
The goblin wields a +0 hunting sling.
The goblin shoots a stone.
The stone closely misses you. Robin throws the goblin at you!
Unknown command.
You hit the goblin.
You kill the goblin!
The goblin shoots a stone.
The stone barely misses you.
The goblin shoots a stone.
The stone hits you.
You die...

######.#######.#.#
.................#
############
##############)###
#...........
#(######...........
##gg....'...........
#.))..###...........
#..g..# #...........
#.g...# ####'######
#...@.# #.# #....)# #.#
#.....######.#####
#...<.#...##.....#
######....†#...##.....#
#..............##.....#
#..............##.#.######
#..............##.#.#....#
#..............##.#......+


You could see Robin, a hobgoblin (strong) and 2 goblins.

Vanquished Creatures
  A worm (D:2)
  2 dart slugs (D:1)
  3 ball pythons
  3 endoplasms (D:1)
  6 goblins (D:2)
  7 hobgoblins
  3 quokkas (D:1)
  2 bats (D:1)
  3 frilled lizards
  2 kobolds (D:1)
  2 rats (D:1)
34 creatures vanquished.

Notes
Turn   | Place    | Note
-------+----------+-------------------------------------------
     0 | D:1      | Zonian the Vine Stalker Brigand began the quest for the
                  | Orb.
     0 | D:1      | Reached XP level 1. HP: 11/11 MP: 2/2
   155 | D:1      | Reached skill level 5 in Stealth
   222 | D:1      | Reached XP level 2. HP: 15/15 MP: 3/3
   868 | D:1      | Reached XP level 3. HP: 18/18 MP: 4/4
   939 | D:1      | Reached skill level 6 in Stealth
  1408 | D:2      | Found an opulent altar of Gozag.
  1451 | D:2      | Noticed Robin
  1807 | D:2      | Shot with a stone by a goblin

Illustrated notes

Levels and vault maps discovered:
D:1:      amcnicky_arrival_underground_garden, layout_loops_ring
D:2:      layout_basic, basic_altar, uniq_sigmund, uniq_robin

Skill      XL: |  1  2  3 |
---------------+----------+-----
Stealth        | 5 6 |  6.2
Short Blades   | 2 |  2.1
Fighting       | |  1.8
Throwing       | |  1.8
Dodging        | |  0.8

Action                   || total
-------------------------++-------
Melee: Dagger            ||    82
       Bite              ||    26
 Stab: Sleeping          ||     9
Armor: Robe              ||    13
Dodge: Dodged            ||    37

Table legend: (Time is in decaauts)
 A = Elapsed time spent in this place.
 B = Non-inter-level travel time spent in this place.
 C = Inter-level travel time spent in this place.
 D = Time resting spent in this place.
 E = Time spent auto-exploring this place.
 F = Levels seen in this place.
 G = Mean time per level.
                   A        B        C        D        E       F      G
               +--------+--------+--------+--------+--------+-----+--------+
         Total |   1802 |   1785 |     17 |    228 |   1309 |   2 |  901.0 |
       Dungeon |   1802 |   1785 |     17 |    228 |   1309 |   2 |  901.0 |
               +--------+--------+--------+--------+--------+-----+--------+

Top non-repeatable levels by time:
     D:1: 1410 daAuts
     D:2: 391 daAuts
